 Dungeon Crawl Stone Soup version 0.28.0-43-g3370ac3207 (webtiles) character file.

Game seed: 220848169091283363

17871 xzight the Cleaver (level 12, -9/77 HPs)
             Began as a Gargoyle Fighter on Mar 26, 2022.
             Was the Champion of Okawaru.
             Mangled by a boulder beetle (38 damage)
             ... on level 12 of the Dungeon.
             The game lasted 00:26:51 (17383 turns).

xzight the Cleaver (Gargoyle Fighter)              Turns: 17383, Time: 00:26:52

Health: -9/77      AC: 29    Str: 33    XL:     12   Next: 52%
Magic:  18/18      EV:  7    Int: 12    God:    Okawaru [******]
Gold:   341        SH: 10    Dex:  9    Spells: 11/11 levels left

rFire   . . .      SeeInvis +   a - +3 broad axe (vamp)
rCold   + . .      Faith    .   l - +0 kite shield "Gagu" {rN+ Int+2 Stlth+}
rNeg    + + .      Spirit   .   v - +0 plate armour
rPois   ∞          Reflect  .   (no helmet)
rElec   +          Harm     .   s - +0 cloak
rCorr   .          Rampage  .   D - +0 pair of gloves
Will    .....                   q - +2 pair of boots
Stlth   ..........              h - amulet of the Ego {RegenMP Str+3 Slay+5 SInv}
HPRegen 0.22/turn               C - ring of protection from cold
MPRegen 0.56/turn               S - +6 ring of strength

@: no status effects
A: sickness immunity, AC +8, negative energy resistance 1, electricity
resistance, torment resistance 1, petrification resistance
a: Renounce Religion, Heroism, Finesse, Duel


You were on level 12 of the Dungeon.
You worshipped Okawaru.
Okawaru was exalted by your worship.
You visited 1 branch of the dungeon, and saw 12 of its levels.

You collected 747 gold pieces.
You spent 406 gold pieces at shops.


Innate Abilities, Weirdness & Mutations

You are immune to sickness and miasma.
Your stone body is resilient. (AC +8)
You are immune to poison.
You resist negative energy. (rN+)
You are resistant to electric shocks. (rElec)
You are resistant to unholy torment.
You are immune to petrification.


   Skills:
 + Level 9.9 Fighting
 * Level 11.2 Axes
 + Level 9.7 Armour
 + Level 9.9 Shields
 + Level 8.5 Invocations


You had 11 spell levels left.
You didn't know any spells.
Your spell library contained the following spells:

 Spells                   Type           Power      Damage    Failure   Level
 Magic Dart               Conj           0%         1d3       99%         1
 Pain                     Necr           0%         1d4       99%         1
 Slow                     Hex            0%         N/A       99%         1
 Corpse Rot               Necr/Air       0%         N/A       100%        2
 Poisonous Vapours        Pois/Air       0%         N/A       100%        2
 Static Discharge         Conj/Air       0%         N/A       100%        2
 Confusing Touch          Hex            0%         N/A       100%        3
 Mephitic Cloud           Conj/Pois/Air  0%         N/A       100%        3
 Vampiric Draining        Necr           0%         2d6       100%        3
 Passage of Golubria      Tloc           0%         N/A       100%        4
 Lightning Bolt           Conj/Air       0%         1d11      100%        5
 Silence                  Hex/Air        0%         N/A       100%        5
 Lehudib's Crystal Spear  Conj/Erth      0%         10d2      100%        8
 Maxwell's Capacitive Co  Air            0%         ∞         100%        8
 Animate Skeleton         Necr           Unusable   N/A       N/A         1
 Call Imp                 Summ           Unusable   N/A       N/A         2

Inventory:

Hand Weapons
 a - a +3 vampiric broad axe (weapon)
 b - a +0 broad axe of flaming
Missiles
 f - 2 throwing nets {=f}
 r - 3 boomerangs (quivered)
Armour
 l - the +0 kite shield "Gagu" (worn) {rN+ Int+2 Stlth+}
   (Okawaru gifted it to you on level 11 of the Dungeon)

   Int:       It affects your intelligence (+2).
   rN:        It protects you from negative energy.
   Stlth:     It makes you more stealthy.
 q - a +2 pair of boots (worn)
 s - a +0 cloak (worn)
 v - a +0 plate armour (worn)
 D - a +0 pair of gloves (worn)
Jewellery
 h - the amulet of the Ego (around neck) {RegenMP Str+3 Slay+5 SInv}
   (You acquired it on level 9 of the Dungeon)

   [amulet of magic regeneration]

   It increases your rate of magic regeneration.
   Str:       It affects your strength (+3).
   Slay:      It affects your accuracy & damage with ranged weapons and melee
   (+5).
   SInv:      It lets you see invisible.
 C - a ring of protection from cold (left hand)
 F - a ring of protection from fire
 S - a +6 ring of strength (right hand)
Wands
 p - a wand of flame (39)
 t - a wand of paralysis (19)
 y - a wand of polymorph (14)
 A - a wand of iceblast (2)
Scrolls
 e - 3 scrolls of enchant armour
 j - a scroll of fear
 k - 5 scrolls of magic mapping
 n - 2 scrolls of immolation
 u - 3 scrolls of teleportation {@r2}
 w - 2 scrolls of vulnerability
 x - 2 scrolls of identify {@r1}
 G - a scroll of brand weapon
Potions
 c - a potion of resistance {unknown}
 d - 6 potions of might
 g - 2 potions of curing {@q1}
 i - a potion of heal wounds {@q2}
 m - 2 potions of cancellation
 o - 3 potions of haste {@q3}
 z - a potion of berserk rage {!q}
 B - a potion of lignification
 E - a potion of ambrosia

Dungeon Overview and Level Annotations

Branches:
Dungeon (12/15)            Temple (0/1) D:6            Lair (0/6) D:10
    Orc (0/2) D:11

Altars:
Nemelex Xobeh
Okawaru
Sif Muna
Trog
Vehumet
Xom
Yredelemnul
Zin

Shops:
D:2 *   D:3 ?   D:8 *   D:11 ([

Annotations:
D:7 exclusion: ice statue

.#.########.# #
...........#
#.#.#######..#######
###.#.#............... .
.........##....######
..###.#...........######
........................
....^°..C.#.#...........
......°@T.#.#...#.......
.......B..#.#...........
.####.....#.#.#.#.#.####
##./...#.#...#.#.....
....<................
...............#.#.#...
####..#....#.###.......
...#..###.# ###.#.#.
#...#..# #.# #.#.#.


You could see a boulder beetle (rolling), a cyclops and a troll.


Message History

You hit the boulder beetle.
You feel better.
The boulder beetle is lightly wounded.
The boulder beetle bites you!
You hit the boulder beetle but do no damage.
The boulder beetle is lightly wounded.
The boulder beetle bites you!
You hit the boulder beetle but do no damage.
The boulder beetle is lightly wounded.
The boulder beetle bites you but does no damage.
You slash the boulder beetle!
You feel better.
The boulder beetle is moderately wounded.
The boulder beetle bites you!
You hit the boulder beetle but do no damage.
The boulder beetle is moderately wounded.
The boulder beetle bites you!
* * * LOW HITPOINT WARNING * * *
The boulder beetle leaps!
The boulder beetle leaps!
A cyclops comes into view.
The cyclops shouts!
A troll comes into view.
The troll shouts!
The boulder beetle waves its antennae.
The cyclops throws a large rock.
The large rock closely misses you.
The boulder beetle curls into a ball and begins rolling!
You block the troll's attack. The troll claws you.
* * * LOW HITPOINT WARNING * * *
The troll claws you but does no damage. The boulder beetle hits you!!!
You die...

Skill      XL: |  1  2  3  4  5  6  7  8  9 10 11 12 |
---------------+-------------------------------------+-----
Axes           | 2 3 4 5 6 7 9 10 11 | 11.2
Shields        | 4 5 6 7 8 9 |  9.9
Fighting       | 4 5 6 7 8 9 |  9.9
Armour         | 4 5 6 7 8 9 |  9.7
Invocations    | 1 3 5 6 7 8 |  8.5

Action                   |  1- 3 |  4- 6 |  7- 9 | 10-12 || total
-------------------------+-------+-------+-------+-------++-------
Melee: War axe           |    87 |   237 |    12 |       ||   336
       Broad axe         |       |       |   289 |   475 ||   764
Invok: Heroism           |       |       |     1 |     2 ||     3
       Finesse           |       |       |       |     1 ||     1
Evoke: Wand              |       |     8 |       |     7 ||    15
  Use: Scroll            |       |     5 |       |    19 ||    24
       Potion            |       |     1 |       |     1 ||     2
 Stab: Paralysed         |       |     3 |       |     3 ||     6
Armor: Scale mail        |    71 |   152 |    29 |       ||   252
       Plate armour      |       |       |   190 |   391 ||   581
Dodge: Dodged            |    53 |    97 |   136 |   174 ||   460
Block: Buckler           |    25 |    53 |    84 |   134 ||   296
       Kite shield       |       |       |       |     1 ||     1

Levels and vault maps discovered:
D:1:      minmay_arrival_four_loops, layout_basic,
          chequers_ecumenical_altar_lobes, st_stairs_4
D:2:      layout_loops_ring, serial_shops, nicolae_shop_behind_doors,
          basic_altar
D:3:      layout_loops_cross, chequers_temple_overflow_statue_of_worship,
          serial_shops, shop, serial_glass, glass_columns_a, glass_columns_a
D:4:      layout_gridville, uniq_pikel
D:5:      layout_gridville, mainiacjoe_overflow_paths,
          kennysheep_generic_room_2, uniq_sigmund
D:6:      layout_cave_pools, minmay_temple_entry_gardened_gates, minivault_23,
          kennysheep_generic_room_9, uniq_duvessa
D:7:      lemuel_ice_statue, layout_basic, serial_undead, serial_undead_a,
          serial_undead_a, serial_undead_b, serial_undead_e, serial_undead_f,
          serial_undead_f, serial_undead_e, serial_undead_e, patterned_corridor
D:8:      layout_loops_corners, special_room [special_room_orc],
          nicolae_shop_gadgets
D:9:      layout_loops_ring
D:10:     lemuel_reptile_caves, layout_grid_maze, lemuel_tele_altar,
          nicolae_vehumet_radiance, dpeg_lair_monsters
D:11:     layout_basic, orc_david_3, interstate_on_off, grunt_tough_drop
D:12:     layout_basic, nemelex_altar_shiori

Notes
Turn   | Place    | Note
-------+----------+-------------------------------------------
     0 | D:1      | xzight the Gargoyle Fighter began the quest for the Orb.
     0 | D:1      | Reached XP level 1. HP: 14/14 MP: 1/1
   178 | D:1      | Reached skill level 2 in Axes
   179 | D:1      | Reached XP level 2. HP: 15/19 MP: 2/2
   699 | D:1      | Reached XP level 3. HP: 21/23 MP: 3/3
   992 | D:1      | Found a faded altar of an unknown god.
  1443 | D:2      | Found a shimmering blue altar of Sif Muna.
  1796 | D:1      | Reached XP level 4. HP: 21/29 MP: 4/4
  2071 | D:2      | Reached skill level 3 in Axes
  2071 | D:2      | Reached skill level 4 in Shields
  2102 | D:2      | Found Jyryw's General Store.
  2325 | D:2      | Identified the +10 spear "Brush" {vorpal, Str+4}
  2451 | D:3      | Found a glowing silver altar of Zin.
  2452 | D:3      | Found a basalt altar of Yredelemnul.
  2454 | D:3      | Found a bloodstained altar of Trog.
  2455 | D:3      | Found an iron altar of Okawaru.
  2464 | D:3      | Reached skill level 4 in Fighting
  2464 | D:3      | Reached skill level 4 in Armour
  2464 | D:3      | Reached XP level 5. HP: 30/33 MP: 5/5
  3132 | D:3      | Found Fuat's Magic Scroll Boutique.
  3138 | D:3      | Bought 3 scrolls of identify for 84 gold pieces
  3230 | D:3      | Became a worshipper of Warmaster Okawaru
  3284 | D:4      | Noticed an ogre
  3294 | D:4      | Killed an ogre
  3295 | D:4      | Reached XP level 6. HP: 31/39 MP: 6/6
  3399 | D:4      | Identified the +2 leather armour "Joirch Yrhol" {rN+}
  3526 | D:4      | Noticed Pikel
  4601 | D:4      | Reached skill level 4 in Axes
  4809 | D:4      | Reached XP level 7. HP: 26/44 MP: 7/7
  5266 | D:5      | Entered Level 5 of the Dungeon
  5664 | D:5      | Found a sparkling altar of Nemelex Xobeh.
  6269 | D:5      | Reached * piety under Okawaru
  6342 | D:5      | Noticed Sigmund
  6351 | D:5      | Killed Sigmund
  6352 | D:5      | Reached skill level 5 in Fighting
  6352 | D:5      | Reached skill level 5 in Axes
  6352 | D:5      | Reached skill level 5 in Armour
  6352 | D:5      | Reached skill level 5 in Shields
  6352 | D:5      | Reached skill level 1 in Invocations
  6636 | D:5      | Reached XP level 8. HP: 16/49 MP: 9/9
  6965 | D:5      | Found a sparkling altar of Nemelex Xobeh.
  8092 | D:3      | Killed Pikel
  8093 | D:3      | Reached skill level 2 in Invocations
  8215 | D:3      | Found Fuat's Magic Scroll Boutique.
  8313 | D:3      | Found a basalt altar of Yredelemnul.
  8314 | D:3      | Found a glowing silver altar of Zin.
  8315 | D:3      | Found an iron altar of Okawaru.
  8316 | D:3      | Found a bloodstained altar of Trog.
  8585 | D:6      | Reached skill level 6 in Axes
  8585 | D:6      | Reached skill level 3 in Invocations
  8679 | D:6      | Reached skill level 6 in Shields
  8680 | D:6      | Noticed Dowan
  8680 | D:6      | Noticed Duvessa
  8692 | D:6      | Killed Duvessa
  8693 | D:6      | Reached skill level 6 in Fighting
  8693 | D:6      | Reached skill level 6 in Armour
  8693 | D:6      | Reached XP level 9. HP: 32/55 MP: 11/11
  8697 | D:6      | Killed Dowan
  8832 | D:6      | Found a staircase to the Ecumenical Temple.
  9148 | D:6      | Reached ** piety under Okawaru
  9390 | D:7      | Reached skill level 4 in Invocations
  9414 | D:7      | Noticed an ice statue
  9443 | D:7      | Reached skill level 7 in Axes
 10115 | D:7      | Reached *** piety under Okawaru
 10132 | D:7      | Reached skill level 7 in Fighting
 10132 | D:7      | Reached skill level 7 in Shields
 10293 | D:7      | Reached skill level 7 in Armour
 10377 | D:7      | Reached skill level 5 in Invocations
 10377 | D:7      | Reached XP level 10. HP: 59/63 MP: 13/13
 10946 | D:7      | Reached skill level 8 in Axes
 11794 | D:8      | Found Icuopsea's Gadget Gallery.
 11904 | D:3      | Bought a scroll of brand weapon for 280 gold pieces
 13348 | D:9      | Reached **** piety under Okawaru
 13563 | D:3      | Bought a scroll of teleportation for 42 gold pieces
 13677 | D:9      | Identified a scroll of acquirement
 13677 | D:9      | Acquired the amulet of the Ego {RegenMP Str+3 Slay+5 SInv}
 13967 | D:9      | Reached skill level 6 in Invocations
 14269 | D:10     | Entered Level 10 of the Dungeon
 14281 | D:10     | Reached skill level 8 in Fighting
 14281 | D:10     | Reached skill level 8 in Shields
 14299 | D:10     | Found a radiant altar of Vehumet.
 14300 | D:10     | Noticed a death yak
 14315 | D:10     | Killed a death yak
 14316 | D:10     | Reached skill level 9 in Axes
 14316 | D:10     | Reached skill level 8 in Armour
 14324 | D:10     | Noticed a death yak
 14329 | D:10     | Noticed a death yak
 14331 | D:10     | Noticed a death yak
 14336 | D:10     | Noticed a death yak
 14340 | D:10     | Killed a death yak
 14340 | D:10     | Received a gift from Okawaru
 14340 | D:10     | Noticed a death yak
 14341 | D:10     | Reached XP level 11. HP: 52/69 MP: 10/15
 14358 | D:9      | Killed a death yak
 14363 | D:9      | Killed a death yak
 14588 | D:9      | Killed a death yak
 14757 | D:9      | Killed a death yak
 14757 | D:9      | Reached ***** piety under Okawaru
 14758 | D:9      | Reached skill level 7 in Invocations
 14856 | D:10     | Found a staircase to the Lair.
 14971 | D:10     | Reached skill level 10 in Axes
 15062 | D:10     | Received a gift from Okawaru
 15063 | D:10     | Reached skill level 9 in Fighting
 15063 | D:10     | Reached skill level 9 in Shields
 15402 | D:10     | Reached skill level 9 in Armour
 15458 | D:10     | Noticed a two-headed ogre
 15598 | D:9      | Killed a two-headed ogre
 15633 | D:10     | Reached XP level 12. HP: 76/76 MP: 17/17
 15753 | D:10     | Found a shimmering altar of Xom.
 15909 | D:11     | Found Jexak's Armour Shoppe.
 15919 | D:11     | Reached skill level 8 in Invocations
 15925 | D:11     | Found a staircase to the Orcish Mines.
 16041 | D:11     | Found Lej Qegh's Weapon Shoppe.
 16396 | D:11     | Noticed a catoblepas
 16596 | D:11     | Reached ****** piety under Okawaru
 16764 | D:11     | Reached skill level 11 in Axes
 16911 | D:11     | Killed a catoblepas
 17031 | D:11     | Identified the +0 kite shield "Gagu" {rN+ Int+2 Stlth+}
                  | (Okawaru gifted it to you on level 11 of the Dungeon)
 17031 | D:11     | Received a gift from Okawaru
 17357 | D:12     | Noticed a boulder beetle
 17383 | D:12     | Mangled by a boulder beetle

Vanquished Creatures
  A catoblepas (D:11)
  A two-headed ogre (D:9)
  6 death yaks
  Pikel (D:3)
  A wolf spider (D:11)
  An ugly thing (D:11)
  An orc knight (D:11)
  A manticore (D:11)
  2 trolls
  A hornet (D:10)
  Sigmund (D:5)
  3 shadows
  A wraith (D:9)
  A vampire (D:11)
  14 yaks
  A steam dragon (D:9)
  An acid dragon (D:11)
  20 water moccasins
  Duvessa (D:6)
  5 orc warriors
  2 ice beasts
  2 hornet zombies (D:7)
  2 sky beasts
  A black bear (D:6)
  5 ogres
  5 necrophages
  2 centaurs
  A phantom (D:5)
  4 lemures (D:4)
  A kobold brigand (D:10)
  3 bullfrogs
  A scorpion (D:7)
  A wyvern skeleton (D:6)
  A water moccasin skeleton (D:5)
  2 jellies
  Dowan (D:6)
  9 killer bees
  13 wights
  A hound (D:6)
  5 orc priests
  2 gnoll shamans
  3 centaur zombies
  2 iguanas (D:5)
  6 orc wizards
  A hound skeleton (D:4)
  A mummy (D:7)
  A howler monkey zombie (D:7)
  24 adders
  14 gnolls
  An ufetubus (D:5)
  An adder skeleton (D:4)
  3 worms
  A dart slug (D:1)
  37 orcs
  5 ball pythons
  10 endoplasms
  4 giant cockroaches
  7 goblins
  4 hobgoblins
  6 jackals (D:3)
  9 kobolds
  6 quokkas
  6 bats
  3 frilled lizards
  7 rats
290 creatures vanquished.

Vanquished Creatures (others)
  11 withered plants (D:7)
11 creatures vanquished.

Grand Total: 301 creatures vanquished

Table legend: (Time is in decaauts)
 A = Elapsed time spent in this place.
 B = Non-inter-level travel time spent in this place.
 C = Inter-level travel time spent in this place.
 D = Time resting spent in this place.
 E = Time spent auto-exploring this place.
 F = Levels seen in this place.
 G = Mean time per level.
                   A        B        C        D        E       F      G
               +--------+--------+--------+--------+--------+-----+--------+
         Total |  17709 |  16677 |   1032 |   4853 |   8439 |  12 | 1475.8 |
       Dungeon |  17709 |  16677 |   1032 |   4853 |   8439 |  12 | 1475.8 |
               +--------+--------+--------+--------+--------+-----+--------+

Top non-repeatable levels by time:
     D:7: 2467 daAuts
     D:4: 2356 daAuts
     D:3: 2229 daAuts
     D:5: 2108 daAuts
     D:1: 1462 daAuts
     D:9: 1450 daAuts
     D:8: 1423 daAuts
    D:11: 1368 daAuts
    D:10: 985 daAuts
     D:2: 939 daAuts
     D:6: 740 daAuts
    D:12: 176 daAuts

Table legend:
 A = Non-vault XP
 B = Vault XP
 C = Vault XP percentage of total XP
 D = Non-vault monster count
 E = Vault monster count
 F = Vault count percentage of total count
                 A         B        C        D         E       F
            +---------+---------+-------+---------+---------+-------
      Total |   11086 |   14445 |  56.6 |     190 |      96 |  33.6
            +---------+---------+-------+---------+---------+-------
        D:1 |      66 |       4 |   5.7 |      24 |       2 |   7.7
        D:2 |      74 |       0 |   0.0 |      21 |       0 |   0.0
        D:3 |     101 |     629 |  86.2 |      21 |       1 |   4.5
        D:4 |     427 |       0 |   0.0 |      25 |       0 |   0.0
        D:5 |     246 |     327 |  57.1 |       8 |       2 |  20.0
        D:6 |     527 |     462 |  46.7 |       5 |       4 |  44.4
        D:7 |    1644 |    1004 |  37.9 |      20 |      11 |  35.5
        D:8 |     623 |     612 |  49.6 |      11 |      24 |  68.6
        D:9 |    2665 |    3238 |  54.9 |      26 |       4 |  13.3
       D:10 |    2475 |    4349 |  63.7 |      15 |      37 |  71.2
       D:11 |    2238 |    3820 |  63.1 |      14 |      11 |  44.0
            +---------+---------+-------+---------+---------+-------
